cohdb
Replays
Latest Replays
All Replays
Popular Replays
Top Player Replays
Match Explorer
How It Works
Community
CoH3 Stats
Reddit
Sign in to upload your games and track your stats! →
Sign in with Steam
Match 43956458
Unlisted
Match 43956458
Overview
Messages
Build Orders
End
Selects Airborne Battlegroup
Selects Heavy Machine Gun Paradrop
Heavy Machine Gun Paradrop
Construct Barracks
Riflemen Squad
M1 Mortar Team
Construct Medical Station
Selects Smoke Bombing Run
Construct Weapon Support Center
Bazooka Squad
Riflemen Squad
Bazooka Squad
Riflemen Squad
Engineer Squad
Selects Paratrooper Squad Paradrop
Infantry Support Center
Construct Tank Depot
Selects Supply Drop
Heavy Machine Gun Paradrop
Selects Carpet Bombing Run
Carpet Bombing Run
Paratrooper Squad Paradrop
Bazooka Squad
Bazooka Squad
Improved M9 Bazooka Rockets
Paratrooper Squad Paradrop
Bazooka Squad
FAHDAWIE
althhaby349
Nukepapa
Fajolada
0
0
Comments
sign in to comment!
No comments posted yet!